 Dungeon Crawl Stone Soup version 0.30.0-17-ge0270778cf (webtiles) character file.

Game seed: 691224948929958370

5 Hades the Sneak (level 1, 0/16 HPs)
             Began as a Vampire Brigand on May 21, 2023.
             Frozen to death by an endoplasm (5 damage)
             ... on level 1 of the Dungeon.
             The game lasted 00:00:54 (74 turns).

Hades the Sneak (Vampire Brigand)                     Turns: 74, Time: 00:00:55

Health: 0/16       AC:  3    Str: 10    XL:     1   Next: 66%
Magic:  1/1        EV: 12    Int: 13    God:
Gold:   0          SH:  0    Dex: 15    Spells: 0/0 levels left

rFire   . . .        a - +2 dagger
rCold   . . .        (no shield)
rNeg    . . .        b - +0 robe
rPois   .            (no helmet)
rElec   .            c - +0 cloak
rCorr   .            (no gloves)
SInv    +            (no boots)
Will    .....        (no amulet)
Stlth   +++          (no ring)
HPRegen 0.42/turn    (no ring)
MPRegen 0.07/turn

%: no passive effects
@: healing quickly
A: alive, fangs 3, see invisible, vampiric 1
a: Exsanguinate


You were on level 1 of the Dungeon.
You visited 1 branch of the dungeon, and saw 1 of its levels.

Inventory:

Hand Weapons
 a - a +2 dagger (weapon)
Missiles
 d - 9 poisoned darts (quivered)
 e - 3 curare-tipped darts
Armour
 b - a +0 robe (worn)
 c - a +0 cloak (worn)


   Skills:
 + Level 1.9 Fighting
 + Level 2.3 Short Blades
 + Level 1.5 Throwing
 + Level 1.1 Dodging
 + Level 6.1 Stealth


You couldn't memorise any spells.
You didn't know any spells.
Your spell library was empty.

Dungeon Overview and Level Annotations

Branches:
Dungeon (1/15)

Altars:


Innate Abilities, Weirdness & Mutations

Your natural rate of healing is accelerated.
You have razor-sharp teeth.
You have supernaturally acute eyesight. (SInv)
You are afflicted with vampirism.


Message History

You kill the endoplasm!
The kobold hits you with a +0 short sword.
Your Stealth skill increases to level 6!
The kobold hits you but does no damage.
You hit the kobold.
The kobold is moderately wounded.
The endoplasm quivers.
The hobgoblin barely misses you. The kobold barely misses you.
You miss the kobold.
The kobold is moderately wounded.
The hobgoblin hits you. The kobold misses you.
You hit the hobgoblin.
The hobgoblin is heavily wounded.
The hobgoblin hits you but does no damage.
The kobold barely misses you.
You barely miss the kobold.
The kobold is moderately wounded.
The hobgoblin closely misses you. The kobold closely misses you.
You hit the hobgoblin.
You kill the hobgoblin!
The kobold closely misses you.
You hit the kobold but do no damage.
The kobold is moderately wounded.
You barely miss the kobold.
The kobold is moderately wounded.
The endoplasm closely misses you.
The kobold hits you with a +0 short sword.
You barely miss the endoplasm. The endoplasm hits you. The kobold misses you.
You barely miss the kobold. You bite the kobold.
You kill the kobold!
The endoplasm hits you.
You hit the endoplasm.
The endoplasm is severely wounded.
The endoplasm freezes you.
You are frozen.
You hit the endoplasm.
The endoplasm is almost dead.
The endoplasm freezes you.
You are frozen.
You die...

..####...♣♣♣.....♣♣♣....
.>#......♣♣∩.♣.♣.∩♣♣....
....####.♣♣∩.♣<♣........
.....###.♣♣∩.♣.♣.∩♣♣....
.........♣♣......♣♣♣....
...........♣∩...∩♣ .....
.#........♣♣♣∩∩∩♣♣♣.....
...........♣♣♣♣♣♣ .....#
......)@.....♣ .##....
..(....J...⌠.....⌠ ##...
...........?....
............##..
...S............
#............#.
#...##......... #..#
..###.#.##


You could see an endoplasm and a ball python (asleep).

Vanquished Creatures
  A bat (D:1)
  An endoplasm (D:1)
  A hobgoblin (D:1)
  A ball python (D:1)
  A kobold (D:1)
5 creatures vanquished.

Notes
Turn   | Place    | Note
-------+----------+-------------------------------------------
     0 | D:1      | Hades the Vampire Brigand began the quest for the Orb.
     0 | D:1      | Reached XP level 1. HP: 16/16 MP: 1/1
    63 | D:1      | Reached skill level 6 in Stealth
    74 | D:1      | Frozen to death by an endoplasm

Illustrated notes

Levels and vault maps discovered:
D:1:      heliophobic_arrival_henge, layout_rooms, ebering_ecumenical_altar_mist

Skill      XL: |  1 |
---------------+----+-----
Stealth        | 6 |  6.1
Fighting       | |  1.9
Short Blades   | |  2.3
Throwing       | |  1.5
Dodging        | |  1.1

Action                     || total
---------------------------++-------
  Melee: Dagger            ||    16
         Bite              ||     1
   Stab: Sleeping          ||     1
 Armour: Robe              ||     2
  Dodge: Dodged            ||    16
